 Dungeon Crawl Stone Soup version 0.27-a0-1332-g84bddb5ca7 (webtiles) character file.

Game seed: 12212693112966497502

95 pyrow613 the Skirmisher (level 4, -3/38 HPs)
             Began as a Demigod Fighter on June 25, 2021.
             Slain by an ogre (21 damage)
             ... on level 3 of the Dungeon.
             The game lasted 00:04:03 (2001 turns).

pyrow613 the Skirmisher (Demigod Fighter)           Turns: 2001, Time: 00:04:04

Health: -3/38      AC: 11    Str: 21    XL:     4   Next: 17%
Magic:  0/6        EV:  3    Int: 10    God:
Gold:   82         SH:  9    Dex: 13    Spells: 3/3 levels left

rFire    . . .     SeeInvis .   a - +0 trident
rCold    . . .     Faith    .   c - +0 kite shield
rNeg     . . .     Spirit   +   e - +0 plate armour
rPois    .         Reflect  .   (no helmet)
rElec    .         Harm     .   (no cloak)
rCorr    .         Rampage  .   (no gloves)
Will     .....                  (no boots)
Stlth    ..........             l - amulet of guardian spirit
HPRegen  0.12/turn              (no ring)
MPRegen  0.10/turn              (no ring)

@: no status effects
A: high mp 1, forlorn
a: no special abilities


You were on level 3 of the Dungeon.
You visited 1 branch of the dungeon, and saw 3 of its levels.

You collected 82 gold pieces.

Inventory:

Hand Weapons
 a - a +0 trident (weapon)
 b - a +0 hand crossbow
Missiles
 k - 27 bolts
Armour
 c - a +0 kite shield (worn)
 e - a +0 plate armour (worn)
Jewellery
 j - a ring of ice
 l - an amulet of guardian spirit (around neck)
Scrolls
 f - a scroll of noise {unknown}
Potions
 d - a potion of might
 g - a potion of haste {unknown}
 h - a potion of heal wounds {unknown}


   Skills:
 * Level 3.5 Fighting
 * Level 2.6 Polearms
 + Level 3.2 Armour
 + Level 3.2 Shields


You had 3 spell levels left.
You didn't know any spells.
Your spell library was empty.

Dungeon Overview and Level Annotations

Branches:
Dungeon (3/15)


Innate Abilities, Weirdness & Mutations

Your attributes grow dramatically as you level up.
You have an increased reservoir of magic. (+10% MP)
You shall have no god before yourself.


Message History

You block the rat's attack.
You hit the rat but do no damage.
The rat bites you but does no damage. x2
Your shield and plate armour prevent you from hitting the rat.
You block the rat's attack.
You hit the rat.
You kill the rat!
No target in view!
An ogre comes into view. It is wielding a +0 giant club.
The ogre shouts!
Okay, then.
Sorry, you're not good enough to have a special ability.
Adjust to which letter? (? for menu, Esc to quit)
b - a +0 hand crossbow;
j - a ring of ice
b - a +0 hand crossbow (weapon)
You shoot a bolt.
The bolt hits the ogre but does no damage.
You shoot a bolt. The bolt barely misses the ogre.
a - a +0 trident (weapon)
You reach to attack!
You hit the ogre.
The ogre is lightly wounded.
The ogre barely misses you.
You reach to attack!
You hit the ogre.
The ogre is lightly wounded.
The ogre barely misses you.
You reach to attack!
You hit the ogre.
The ogre is moderately wounded.
The ogre hits you with a +0 giant club!
Your plate armour prevents you from hitting the ogre.
The ogre is moderately wounded.
The ogre hits you with a +0 giant club!
You are too injured to fight recklessly!
You are too injured to fight recklessly!
Reach: a) +0 trident
Press: ? - help, Dir - move target, f/p - ogre
Aim: an ogre, wielding a +0 giant club (lightly wounded, about 29% to evade your +0 trident)
You reach to attack!
You closely miss the ogre.
The ogre is lightly wounded.
The ogre hits you with a +0 giant club!!
Ouch! That really hurt!
You die...

........<## ..........#
#...... ..........#
#......... ..........#
#.......(. ..........#
#......... ..........#
#......... ..........#
#.........
..........#######.........
.#.............O@.........
##.##.###....#####........
##.##.######.## #........#
.........###..###...#....#
..........###........#....
........#..####.†.........
###.o.### #...#####...^
#....### #....# ....
##.....##......# ...


You could see an ogre.

Vanquished Creatures
  An orc priest (D:3)
  A white imp (D:3)
  2 worms
  A dart slug (D:2)
  4 orcs (D:2)
  5 ball pythons
  4 endoplasms
  A giant cockroach (D:1)
  3 goblins (D:1)
  4 hobgoblins
  3 jackals (D:2)
  4 quokkas
  4 bats
  A frilled lizard (D:1)
  3 kobolds (D:2)
  4 rats
45 creatures vanquished.

Vanquished Creatures (others)
  2 withered plants (D:3)
2 creatures vanquished.

Grand Total: 47 creatures vanquished

Notes
Turn   | Place    | Note
-------+----------+-------------------------------------------
     0 | D:1      | pyrow613 the Demigod Fighter began the quest for the Orb.
     0 | D:1      | Reached XP level 1. HP: 18/18 MP: 3/3
   272 | D:1      | Reached XP level 2. HP: 25/25 MP: 4/4
  1092 | D:2      | Reached XP level 3. HP: 31/31 MP: 5/5
  1937 | D:3      | Reached XP level 4. HP: 36/38 MP: 6/6
  1980 | D:3      | Noticed an ogre
  2001 | D:3      | Slain by an ogre

Illustrated notes

Levels and vault maps discovered:
D:1:      eino_arrival_water_star, layout_loops_ring
D:2:      layout_loops_ring, basic_altar, minmay_tiny_reverse_x
D:3:      layout_rooms, ebering_ecumenical_altar_petrified,
          minmay_misc_feat_secret_circle

Skill      XL: |  1  2 |
---------------+-------+-----
Fighting       | 3 |  3.5
Polearms       | 2 |  2.6
Armour         | 3 |  3.2
Shields        | 3 |  3.2

Action                   |  1- 3 |  4- 6 || total
-------------------------+-------+-------++-------
Melee: Trident           |   130 |    14 ||   144
 Fire: Hand crossbow     |       |     2 ||     2
Armor: Scale mail        |    12 |       ||    12
       Plate armour      |    77 |     5 ||    82
Dodge: Dodged            |    12 |     4 ||    16
Block: Kite shield       |    63 |     8 ||    71

Table legend: (Time is in decaauts)
 A = Elapsed time spent in this place.
 B = Non-inter-level travel time spent in this place.
 C = Inter-level travel time spent in this place.
 D = Time resting spent in this place.
 E = Time spent auto-exploring this place.
 F = Levels seen in this place.
 G = Mean time per level.
                   A        B        C        D        E       F      G
               +--------+--------+--------+--------+--------+-----+--------+
         Total |   2066 |   2024 |     42 |    299 |   1316 |   3 |  688.7 |
       Dungeon |   2066 |   2024 |     42 |    299 |   1316 |   3 |  688.7 |
               +--------+--------+--------+--------+--------+-----+--------+

Top non-repeatable levels by time:
     D:2: 1080 daAuts
     D:1: 721 daAuts
     D:3: 264 daAuts
